 Dungeon Crawl Stone Soup version 0.16.1-11-g651b585 (webtiles) character file.

7933 hulla the Transmogrifier (level 11, 0/73 (75) HPs)
             Began as an Octopode Transmuter on Apr 1, 2015.
             Was an Elder of Makhleb.
             Slain by a warg (9 damage)
             ... on level 3 of the Orcish Mines.
             The game lasted 03:26:22 (21218 turns).

hulla the Transmogrifier (Octopode Transmuter)     Turns: 21218, Time: 03:26:22

HP:   0/73 (75)     AC:  2    Str:  9    XL:     11   Next: 23%
MP:   16/18         EV: 28    Int: 18    God:    Makhleb [****..]
Gold: 784           SH:  0    Dex: 19    Spells: 5 memorised, 3 levels left

rFire  . . .     SeeInvis .     S - melded +0 blowgun
rCold  . . .     Clarity  .     (shield currently unavailable)
rNeg   . . .     SustAb   +     (helmet currently unavailable)
rPois  x         Gourm    .     (no amulet)
rElec  .         Spirit   .     l - ring of sustain abilities
rCorr  .         Warding  .     R - ring of protection from magic
rMut   .         Stasis   .     (no ring)
MR     +....                    (no ring)
Stlth  ++........               (no ring)
                                (no ring)
                                (no ring)
                                (no ring)

@: spider-form, weakened, somewhat resistant to hostile enchantments, unstealthy
A: almost no armour, amphibious, 8 rings, (constrict 8), (camouflage 0),
(gelatinous body 0)
a: End Transformation, Minor Destruction, Lesser Servant of Makhleb, Major
Destruction, Renounce Religion


You were on level 3 of the Orcish Mines.
You worshipped Makhleb.
Makhleb was greatly pleased with you.
You were very hungry.
You were a venomous arachnid creature.
You visited 3 branches of the dungeon, and saw 16 of its levels.

You collected 819 gold pieces.
You spent 35 gold pieces at shops.

Inventory:

Hand weapons
 a - a +1 hunting sling
 p - a +4 mace
 s - a +0 short sword of speed
 y - a +2 battleaxe of freezing
 B - a +4 hand axe
 I - a cursed -3 halberd
 L - a +0 dagger of flaming
 N - a +3 flail
 S - a +0 blowgun (melded)
 V - a +0 dagger of protection
 W - a +1 great sword of electrocution
Missiles
 b - 161 arrows
 i - 24 poisoned arrows
 j - 99 stones (quivered)
 k - 84 sling bullets
 n - 4 needles of sleeping
 q - 40 poisoned needles
 E - 12 arrows of dispersal
 F - 8 curare-tipped needles
Jewellery
 l - a ring of sustain abilities (left front leg)
 R - a ring of protection from magic (right front leg)
Magical devices
 o - a wand of paralysis (7)
 x - a wand of flame (11)
 z - a wand of heal wounds (3)
 A - a wand of draining (3)
 C - a wand of paralysis (2)
 D - a wand of cold (8)
 T - a wand of polymorph (13)
Scrolls
 m - 8 scrolls of remove curse
 r - 4 scrolls of identify
 t - a scroll of enchant armour
 u - a scroll of enchant weapon
 G - a scroll of blinking
 J - a scroll of amnesia
 P - a scroll of silence {unknown}
Potions
 e - 2 potions of cure mutation
 f - a potion of restore abilities
 H - a potion of flight {unknown}
 K - a potion of poison {unknown}
 M - a potion of invisibility {unknown}
 U - 2 potions of haste {unknown}
Books
 d - a book of Changes

   Spells                             Type                      Level
   a - Beastly Appendage              Transmutation                1
   b - Sticks to Snakes               Transmutation                2
   c - Spider Form                    Transmutation/Poison         3
   d - Ice Form                       Ice/Transmutation            4
   e - Blade Hands                    Transmutation                5
 Q - a book of Maledictions

   Spells                             Type                      Level
   a - Corona                         Hexes                        1
   b - Sure Blade                     Hexes/Charms                 2
   c - Ensorcelled Hibernation        Hexes/Ice                    2
   d - Confuse                        Hexes                        3
   e - Dazzling Spray                 Conjuration/Hexes            3
   f - Enslavement                    Hexes                        4
Comestibles
 c - a meat ration
 h - 9 bread rations
 v - 8 chunks of flesh
 w - a slice of pizza
 O - 4 royal jellies


   Skills:
 + Level 7.0 Fighting
 - Level 8.0 Dodging
 + Level 5.1 Unarmed Combat
 - Level 2.0 Spellcasting
 - Level 2.8 Hexes
 - Level 9.0 Transmutations
 - Level 6.6 Ice Magic
 - Level 5.1 Poison Magic
 + Level 3.9 Invocations


You had 3 spell levels left.
You knew the following spells:

 Your Spells              Type           Power        Failure   Level  Hunger
a - Beastly Appendage     Trmt           ####..       3%          1    #......
b - Spider Form           Trmt/Pois      ####......   10%         3    ###....
c - Sticks to Snakes      Trmt           ####......   4%          2    ###....
d - Ice Form              Ice/Trmt       ####....     24%         4    #####..
e - Corona                Hex            ##.....      21%         1    #......


Dungeon Overview and Level Annotations

Branches:
Dungeon (11/15)            Temple (1/1) D:6             Orc (4/4) D:11
   Lair: D:8-11         Elf: Orc:3-4

Altars:
Ashenzari
Cheibriados
Dithmenos
Elyvilon
Fedhas
Gozag
Kikubaaqudgha
Makhleb
Nemelex Xobeh
Okawaru
Qazlal
Ru
Vehumet
Xom
Yredelemnul
The Shining One

Shops:
D:10 (   Orc:1 [

Annotations:
D:8 Erolcha


Innate Abilities, Weirdness & Mutations

You cannot wear most types of armour.
You are amphibious.
You can wear up to eight rings at the same time.
((You can use your tentacles to constrict many enemies at once.))
((Your skin changes colour to match your surroundings (Stealth).))
((Your rubbery body absorbs attacks (AC +1).))


Message History

You feel better.
Your ynoxinul hits the warg!
Your hellwing barely misses the warg.
Your hellwing hits the warg! The orange demon closely misses you.
The warg misses you.
You hit the warg.
The warg is severely wounded.
The warg completely misses you.
Your ynoxinul misses the warg.
Your hellwing closely misses the warg.
Your hellwing barely misses the warg.
The orange demon misses you.
Unknown command.
You hit the warg.
The warg is almost dead.
The warg bites you!
* * * LOW HITPOINT WARNING * * *
Your ynoxinul barely misses the warg.
Your hellwing gestures at the warg.
The warg resists with some effort.
You hit the warg but do no damage.
The warg is almost dead.
The orange demon misses you. The warg bites you!
You die...

... .......##..
..... ...........
.....##...........
.$................
..........$........
##..>)†......#
#...#.4))....#
##..34)......#
#..hs#......#
##.####....## ##
#..## #.# ##


You could see an orange demon, a warg, a friendly hellwing and a friendly
ynoxinul.

Vanquished Creatures
  A hill giant (D:10)
  A centaur skeleton (D:11)
  Eustachio (D:9)
  3 hungry ghosts
  A hippogriff (D:8)
  2 sky beasts
  A water moccasin (D:11)
  6 orc warriors
  A necrophage (D:5)
  3 ice beasts
  An eye of draining (D:8)
  A phantom (D:5)
  8 ogres
  2 big kobolds
  9 centaurs
  3 giant frogs
  6 killer bees (D:4)
  9 jellies
  3 scorpions
  An electric eel (D:11)
  5 wights
  2 spriggan skeletons (D:9)
  2 crimson imps (D:6)
  4 hounds
  10 orc priests
  A giant frog skeleton (D:9)
  5 iguanas
  11 orc wizards
  7 worker ants
  A hound zombie (D:9)
  12 adders
  3 gnolls (D:4)
  3 shadow imps
  A giant mite (D:7)
  8 worms
  2 adder skeletons
  7 giant geckos
  4 oozes
  83 orcs
  11 bats
  A bat skeleton (D:5)
  25 hobgoblins
  3 jackals (D:6)
  27 kobolds
  6 quokkas
  4 ball pythons
  A ball python skeleton (D:4)
  11 giant cockroaches
  4 giant newts
  4 giant spores (D:9)
  17 goblins
  8 rats
  92 ballistomycetes (D:9)
448 creatures vanquished.

Vanquished Creatures (collateral kills)
  The ghost of talkandplay the Severer, an experienced MiBe of Trog (D:9)
  Urug (Orc:4)
  A troll (D:9)
  An ogre (Orc:3)
  An electric eel (D:11)
  An orc wizard (D:11)
  2 orc priests
  A gnoll (D:4)
  A shadow imp (D:9)
  8 orcs
  A bat (D:5)
19 creatures vanquished.

Vanquished Creatures (others)
  2 orange demons
  2 smoke demons (D:10)
  A neqoxec (Orc:4)
  22 giant spores (D:9)
  2 ballistomycetes (D:9)
29 creatures vanquished.

Grand Total: 496 creatures vanquished

Notes
Turn   | Place    | Note
--------------------------------------------------------------
     0 | D:1      | hulla, the Octopode Transmuter, began the quest for the Orb.
     0 | D:1      | Reached XP level 1. HP: 13/13 MP: 3/3
   238 | D:1      | Reached XP level 2. HP: 5/18 MP: 2/4
   894 | D:1      | Reached XP level 3. HP: 20/23 MP: 6/6
   899 | D:1      | Learned a level 3 spell: Spider Form
   902 | D:1      | Learned a level 2 spell: Sticks to Snakes
  1141 | D:2      | Reached skill level 1 in Poison Magic
  1366 | D:2      | Found an opulent altar of Gozag.
  1366 | D:2      | Found a sparkling altar of Nemelex Xobeh.
  1893 | D:2      | Found a white marble altar of Elyvilon.
  1950 | D:2      | Reached XP level 4. HP: 26/28 MP: 5/7
  2782 | D:3      | Reached skill level 4 in Poison Magic
  2782 | D:3      | Reached XP level 5. HP: 18/33 MP: 5/9
  3572 | D:3      | Found a burning altar of Makhleb.
  3710 | D:3      | Reached skill level 5 in Poison Magic
  3815 | D:3      | Reached XP level 6. HP: 33/38 MP: 10/10
  4053 | D:4      | Found a stormy altar of Qazlal.
  4055 | D:4      | Found a blossoming altar of Fedhas.
  4215 | D:4      | Found a shadowy altar of Dithmenos.
  4566 | D:5      | Entered Level 5 of the Dungeon
  4843 | D:5      | Reached XP level 7. HP: 37/42 MP: 9/12
  5175 | D:5      | Reached skill level 5 in Dodging
  6082 | D:6      | Reached skill level 6 in Dodging
  6307 | D:6      | Reached XP level 8. HP: 17/46 MP: 11/13
  6600 | D:6      | Found a staircase to the Ecumenical Temple.
  6611 | Temple   | Entered the Ecumenical Temple
  6635 | Temple   | Became a worshipper of Makhleb the Destroyer
  6825 | D:6      | Reached skill level 7 in Dodging
  7666 | D:6      | Reached skill level 8 in Dodging
  8373 | D:7      | Found a shimmering altar of Xom.
  9068 | D:7      | Reached skill level 5 in Fighting
  9076 | D:7      | Acquired Makhleb's first power
  9087 | D:7      | Reached XP level 9. HP: 24/59 MP: 10/14
  9275 | D:7      | Learned a level 4 spell: Ice Form
  9403 | D:7      | Found a radiant altar of Vehumet.
  9467 | D:8      | Noticed Erolcha
  9499 | D:8      | Reached skill level 1 in Ice Magic
 11271 | D:8      | Reached skill level 5 in Transmutations
 11744 | D:8      | Reached skill level 5 in Ice Magic
 12101 | D:9      | Acquired Makhleb's second power
 12105 | D:10     | Entered Level 10 of the Dungeon
 12105 | D:10     | Found a blossoming altar of Fedhas.
 12297 | D:9      | Noticed Eustachio
 12306 | D:9      | Killed Eustachio
 12980 | D:8      | Reached XP level 10. HP: 43/64 MP: 13/16
 13157 | D:9      | Noticed talkandplay's ghost (experienced MiBe)
 15373 | D:8      | Reached skill level 1 in Invocations
 15785 | D:9      | Found a sacrificial altar of Ru.
 15808 | D:9      | Acquired Makhleb's third power
 16235 | D:9      | Found a runed door.
 17511 | D:10     | Noticed a hill giant
 17522 | D:10     | Killed a hill giant
 17723 | D:9      | Learned a level 1 spell: Corona
 17990 | D:10     | Found Gaomaa's Weapon Shoppe.
 18004 | D:10     | Bought a +0 blowgun for 35 gold pieces
 18047 | D:10     | Reached skill level 1 in Hexes
 18412 | D:11     | Noticed a red ugly thing
 18570 | D:11     | Noticed a skeletal warrior
 18572 | D:11     | Noticed a skeletal warrior
 18572 | D:11     | Noticed a skeletal warrior
 18574 | D:11     | Noticed a skeletal warrior
 18581 | D:11     | Noticed a skeletal warrior
 18587 | D:11     | Noticed a skeletal warrior
 18906 | D:9      | Killed talkandplay's ghost
 20145 | D:11     | Noticed a skeletal warrior
 20215 | D:11     | Reached XP level 11. HP: 62/70 MP: 5/17
 20241 | D:11     | Reached skill level 9 in Transmutations
 20295 | D:11     | Found a staircase to the Orcish Mines.
 20444 | Orc:1    | Entered Level 1 of the Orcish Mines
 20444 | Orc:1    | Found Xegreene's Armour Shoppe.
 20666 | Orc:2    | Acquired Makhleb's fourth power
 20774 | Orc:2    | You fall through a shaft for 2 floors!
 20774 | Orc:4    | Entered Level 4 of the Orcish Mines
 21006 | Orc:4    | Noticed Urug
 21021 | Orc:4    | Killed Urug
 21021 | Orc:4    | Reached skill level 5 in Unarmed Combat
 21218 | Orc:3    | Slain by a warg

Action                   |  1- 3 |  4- 6 |  7- 9 | 10-12 || total
-------------------------+-------+-------+-------+-------++-------
Melee: Unarmed           |    82 |   183 |   436 |   891 ||  1592
       Short sword       |       |    15 |       |       ||    15
 Fire: Hunting sling     |     4 |    68 |    80 |     8 ||   160
       Blowgun           |       |       |       |    40 ||    40
Throw: Stone             |    13 |    17 |    13 |    10 ||    53
 Cast: Beastly Appendage |    16 |    12 |     9 |    12 ||    49
       Spider Form       |     2 |    12 |    46 |    26 ||    86
       Sticks to Snakes  |       |       |    24 |    27 ||    51
       Ice Form          |       |       |     1 |    25 ||    26
       Corona            |       |       |       |     3 ||     3
Invok: Lesser Servant of |       |       |       |    13 ||    13
 Abil: End Transformatio |     1 |       |     6 |     6 ||    13
Evoke: Wand              |       |       |     8 |     7 ||    15
  Use: Potion            |     3 |       |       |     5 ||     8
       Scroll            |     8 |     3 |     4 |     5 ||    20
 Stab: Sleeping          |     4 |     7 |       |    10 ||    21
       Distracted        |       |     1 |       |     2 ||     3
       Paralysed         |       |       |    41 |    13 ||    54
  Eat: Chunk             |     2 |    12 |    27 |    21 ||    62
       Beef jerky        |       |       |     2 |       ||     2
       Meat ration       |       |       |     2 |     3 ||     5
       Fruit             |       |       |       |     3 ||     3
